 Dungeon Crawl Stone Soup version 0.26-a0-1060-g086102a3f0 (webtiles) character file.

Game seed: 10632967112791679326

14347 ruwin the Cleaver (level 11, -8/101 HPs)
             Began as a Minotaur Fighter on Dec 14, 2020.
             Was a Priest of Ru.
             Mangled by an ogre
             ... wielding a +0 giant spiked club
              (16 damage)
             ... on level 11 of the Dungeon.
             The game lasted 00:26:42 (10107 turns).

ruwin the Cleaver (Minotaur Fighter)               Turns: 10107, Time: 00:26:44

Health: -8/101     AC: 19    Str: 22    XL:     11   Next: 87%
Magic:  10/10      EV:  7    Int:  7    God:    Ru [***...]
Gold:   569        SH: 18    Dex: 10    Spells: 10/10 levels left

rFire    + . .     SeeInvis +   H - +1 broad axe (vorpal)
rCold    . . .     Faith    .   r - +0 tower shield
rNeg     . . .     Spirit   .   h - +3 swamp dragon scales
rPois    +         Reflect  .   (helmet restricted)
rElec    .         Harm     .   D - +1 cloak {rCorr}
rCorr    +         Rampage  .   E - +1 pair of gloves
Will     .....                  j - +0 pair of boots
Stlth    ..........             F - amulet of regeneration
HPRegen  0.66/turn              k - ring of protection from fire
MPRegen  0.12/turn              t - ring of Siomarph {rPois SInv}

@: no status effects
A: retaliatory headbutt, horns 2, inability to use devices, no conjurations
magic, no fire magic, no hexes magic
a: Draw Out Power, Renounce Religion


You were on level 11 of the Dungeon.
You worshipped Ru.
Ru was most pleased with you.
You visited 1 branch of the dungeon, and saw 11 of its levels.
You also visited: Sewer.

You collected 569 gold pieces.

Inventory:

Hand Weapons
 s - a +0 arbalest
 H - a +1 vorpal broad axe (weapon)
 I - a +1 vampiric war axe
 J - a +3 scimitar of flaming
 N - a +0 eveningstar of pain
 R - the +6 falchion of Insomnia {venom, Str+2}
   (You found it on level 11 of the Dungeon)

   It poisons the flesh of those it strikes.
   It affects your strength (+2).
Missiles
 e - 20 boomerangs
 n - 54 bolts
 x - 8 javelins
 y - 6 boomerangs of dispersal
 z - 5 silver boomerangs
 B - 3 throwing nets (quivered)
Armour
 a - a +2 scale mail of cold resistance
 c - a +0 kite shield
 h - +3 swamp dragon scales (worn)
 j - a +0 pair of boots (worn)
 r - a +0 tower shield (worn)
 D - a +1 cloak of preservation (worn)
 E - a +1 pair of gloves (worn)
 Q - a +0 plate armour
Magical Staves
 A - an uncursed staff of poison
 K - an uncursed staff of cold
Jewellery
 g - an uncursed amulet of guardian spirit
 k - a ring of protection from fire (left hand)
 m - an uncursed amulet of magic regeneration
 o - a +6 ring of strength
 t - the ring of Siomarph (right hand) {rPois SInv}
   (You found it on level 4 of the Dungeon)

   [ring of see invisible]

   It protects you from poison.
   It lets you see invisible.
 F - an amulet of regeneration (around neck)
Scrolls
 l - 10 scrolls of teleportation
 p - a scroll of identify
 q - 4 scrolls of fear
 u - 7 scrolls of remove curse
 G - a scroll of magic mapping
Potions
 b - 2 potions of mutation
 d - 2 potions of might
 f - a potion of haste
 i - 2 potions of heal wounds
 v - 6 potions of curing
 w - 3 potions of flight
 C - a potion of lignification
 L - a potion of attraction {unknown}
 M - a potion of brilliance {unknown}
 O - a potion of magic {unknown}
 P - a potion of ambrosia {unknown}


   Skills:
 + Level 10.9 Fighting
 * Level 14.2 Axes
 + Level 10.9 Armour
 + Level 10.9 Shields


You had 10 spell levels left.
You didn't know any spells.
Your spell library contained the following spells:

 Spells                   Type           Power        Failure   Level
 Gell's Gravitas          Tloc           #.........   100%        3
 Animate Dead             Necr           #.........   100%        4
 Petrify                  Tmut/Erth      #.......     100%        4
 Borgnjor's Vile Clutch   Necr/Erth      #.........   100%        5
 Death Channel            Necr           #.........   100%        6
 Simulacrum               Ice/Necr       #.........   100%        6
 Confusing Touch          Hex            Unusable     N/A         3
 Metabolic Englaciation   Hex/Ice        Unusable     N/A         5
 Yara's Violent Unravell  Hex/Tmut       Unusable     N/A         5

Dungeon Overview and Level Annotations

Branches:
Dungeon (11/15)            Temple (0/1) D:6            Lair (0/6) D:9
    Orc (0/2) D:9           Sewer (visited)

Altars:
Cheibriados
Dithmenos
Fedhas
Hepliaklqana
Kikubaaqudgha
Ru
Sif Muna
Trog
Wu Jian
Xom
Yredelemnul
Zin
The Shining One
Beogh

Shops:
D:6 [=   D:7 !

Annotations:
D:8 2 transporters, exclusion: downstairs
D:11 1 runed translucent door


Innate Abilities, Weirdness & Mutations

You reflexively headbutt those who attack you in melee.
You have a pair of horns on your head.
You cannot study or use magical devices.
You cannot study or cast Conjurations magic.
You cannot study or cast Fire magic.
You cannot study or cast Hexes magic.


Message History

You hit the ogre. You headbutt the ogre.
The ogre is moderately wounded.
The ogre hits you with a +0 giant spiked club.
You block the orc warrior's attack.
The ogre hits you with a +0 giant spiked club!
* * * LOW HITPOINT WARNING * * *
You focus your will and illuminate the ogre in retribution!
You block the orc warrior's attack.
Unknown command.
You slash the ogre! Your headbutt misses the ogre.
The ogre is almost dead.
You redirect the ogre's attack!
The ogre barely misses itself.
You block the orc warrior's attack.
Your shield prevents you from hitting the ogre.
The ogre is almost dead.
The orc warrior hits you from afar with a +0 glaive!
* * * LOW HITPOINT WARNING * * *
You focus your will and slow the orc warrior in retribution!
The ogre hits you with a +0 giant spiked club!
You die...

######'### #...#
############.## #
#.............# #
##.....).......# ......$
#
##.....).......###.o..o.$
#
#..........>.....#_o..o..
#
#..............#.#o..o...
#
...............#@#oZo....
+
.#.............#O#.oo.o..
#
.#.............#o#.o.oo..
#
.#.............#oo)oZo..$
#
##.......(.....###oo$....
# ################
####### # #


You could see 2 orc warriors, an ogre (corona) and an orc priest.

Vanquished Creatures
  Harold (D:9)
  Erica (D:9)
  Urug (D:10)
  7 skeletal warriors (D:11)
  An unseen horror (D:11)
  An orc knight (D:11)
  2 ugly things (D:11)
  Psyche (D:9)
  A troll (D:10)
  A hornet (D:10)
  A shadow (D:11)
  Edmund (D:5)
  6 orc warriors
  A sky beast (D:8)
  7 ogres
  3 phantoms
  An eye of draining (D:11)
  3 centaurs
  A big kobold (D:9)
  7 bullfrogs
  A gnoll sergeant (D:5)
  A wyvern zombie (D:9)
  A water moccasin zombie (D:5)
  6 scorpions
  16 killer bees
  4 wights
  3 howler monkeys (D:10)
  4 crimson imps (D:5)
  A quasit (D:6)
  A bullfrog zombie (D:5)
  A centaur zombie (D:10)
  6 hounds
  4 jellies
  5 orc priests
  2 bullfrog skeletons
  13 orc wizards
  3 centaur skeletons
  12 worker ants
  2 killer bee zombies
  2 hound skeletons
  A worker ant zombie (D:8)
  Robin (D:3)
  5 gnolls (D:5)
  14 adders
  2 shadow imps
  2 ufetubi
  2 oozes
  An adder zombie (D:5)
  A worm (D:2)
  9 dart slugs
  10 leopard geckos
  41 orcs
  5 ball pythons
  12 bats
  11 giant cockroaches
  2 gnoll zombies (D:3)
  13 goblins
  9 hobgoblins
  17 jackals
  2 quokkas
  9 frilled lizards
  13 kobolds
  A quokka zombie (D:5)
  4 rats
323 creatures vanquished.

Vanquished Creatures (others)
  A two-headed ogre (D:8)
  A skeletal warrior (D:11)
  An orc (D:11)
3 creatures vanquished.

Grand Total: 326 creatures vanquished

Notes
Turn   | Place    | Note
-------+----------+-------------------------------------------
     0 | D:1      | ruwin the Minotaur Fighter began the quest for the Orb.
     0 | D:1      | Reached XP level 1. HP: 19/19 MP: 0/0
   136 | D:1      | Reached XP level 2. HP: 27/27 MP: 1/1
   171 | D:1      | Reached skill level 3 in Axes
   336 | D:1      | Reached XP level 3. HP: 33/33 MP: 2/2
   998 | D:2      | Found a hazy altar of Hepliaklqana.
  1118 | D:2      | Reached XP level 4. HP: 40/40 MP: 3/3
  1363 | D:2      | Reached skill level 4 in Axes
  1669 | D:3      | Reached XP level 5. HP: 24/47 MP: 1/4
  2053 | D:3      | Found a sacrificial altar of Ru.
  2091 | D:3      | Became a worshipper of Ru the Awakened
  2140 | D:3      | Noticed Robin
  2147 | D:3      | Killed Robin
  2508 | D:3      | Found a basalt altar of Yredelemnul.
  2775 | D:4      | Reached skill level 5 in Axes
  2880 | D:4      | Noticed an ogre
  2888 | D:4      | Killed an ogre
  2889 | D:4      | Reached skill level 5 in Fighting
  2889 | D:4      | Reached skill level 5 in Armour
  2889 | D:4      | Reached skill level 5 in Shields
  2889 | D:4      | Reached XP level 6. HP: 46/56 MP: 3/5
  3007 | D:4      | Got an ancient amber ring
  3010 | D:4      | Identified the ring of Siomarph {rPois SInv} (You found it
                  | on level 4 of the Dungeon)
  3226 | D:4      | Reached skill level 6 in Axes
  3226 | D:4      | Reached XP level 7. HP: 60/61 MP: 6/6
  3456 | D:5      | Entered Level 5 of the Dungeon
  3462 | D:5      | Noticed Edmund
  3475 | D:5      | Killed Edmund
  3588 | D:5      | Reached skill level 7 in Axes
  3802 | D:5      | Gained mutation: You cannot study or use magical devices.
                  | [Ru sacrifice]
  3802 | D:5      | Reached * piety under Ru
  3802 | D:5      | Reached ** piety under Ru
  3905 | D:5      | Found a glowing drain.
  3920 | Sewer    | Entered a sewer
  4009 | Sewer    | Reached XP level 8. HP: 70/70 MP: 7/7
  4485 | D:5      | Found a shimmering altar of Xom.
  4488 | D:5      | Reached skill level 8 in Axes
  4661 | D:5      | Found a snail-covered altar of Cheibriados.
  4763 | D:6      | Found Wiotalet's Jewellery Shoppe.
  4777 | D:6      | Found Qozah's Antique Armour Emporium.
  4896 | D:6      | Found a staircase to the Ecumenical Temple.
  4910 | D:6      | Reached skill level 9 in Axes
  5377 | D:6      | Reached XP level 9. HP: 75/79 MP: 8/8
  5677 | D:7      | Gained mutation: You cannot study or cast Fire magic. [Ru
                  | sacrifice]
  5677 | D:7      | Gained mutation: You cannot study or cast Hexes magic. [Ru
                  | sacrifice]
  5677 | D:7      | Gained mutation: You cannot study or cast Conjurations
                  | magic. [Ru sacrifice]
  5677 | D:7      | Reached *** piety under Ru
  5691 | D:7      | Found a shadowy altar of Dithmenos.
  5722 | D:7      | Found Utolyonyfe's Distillery.
  6124 | D:8      | Found a transporter.
  6158 | D:8      | Found a transporter.
  6192 | D:8      | Reached skill level 10 in Axes
  6459 | D:8      | Found a glowing golden altar of the Shining One.
  6555 | D:8      | Noticed a two-headed ogre
  6561 | D:8      | Killed a two-headed ogre
  6602 | D:8      | Identified a scroll of acquirement
  6602 | D:8      | Acquired a +0 vorpal broad axe
  6669 | D:8      | Found an ancient bone altar of Kikubaaqudgha.
  6808 | D:8      | Found a shimmering blue altar of Sif Muna.
  7060 | D:9      | Noticed Harold
  7095 | D:9      | Found a staircase to the Orcish Mines.
  7119 | D:9      | Noticed Psyche
  7359 | D:9      | Found an ornate altar of the Wu Jian Council.
  7473 | D:9      | Killed Harold
  7474 | D:9      | Reached skill level 11 in Axes
  7474 | D:9      | Reached XP level 10. HP: 35/90 MP: 4/9
  7800 | D:9      | Noticed Erica
  7833 | D:9      | Killed Erica
  7878 | D:9      | Found a staircase to the Lair.
  7885 | D:9      | Killed Psyche
  7886 | D:9      | Found a blossoming altar of Fedhas.
  7887 | D:9      | Found a bloodstained altar of Trog.
  7887 | D:9      | Found a glowing silver altar of Zin.
  7947 | D:9      | Reached skill level 12 in Axes
  8309 | D:9      | Got a fading dagger
  8310 | D:9      | Identified the +6 dagger of Unokoedgh {speed, *Corrode
                  | +Rage rC+ Int+2} (You found it on level 9 of the Dungeon)
  8334 | D:10     | Entered Level 10 of the Dungeon
  8664 | D:10     | Paralysed by a hornet for 2 turns
  8797 | D:10     | Noticed Urug
  8815 | D:10     | Killed Urug
  8965 | D:10     | Reached XP level 11. HP: 99/99 MP: 10/10
  9462 | D:11     | Noticed a red ugly thing
  9476 | D:11     | Killed a red ugly thing
  9574 | D:11     | Found a glowing golden altar of the Shining One.
  9575 | D:11     | Found a runed translucent door.
  9575 | D:11     | Noticed an angel
  9585 | D:11     | Noticed a skeletal warrior
  9586 | D:11     | Noticed a skeletal warrior
  9589 | D:11     | Noticed a skeletal warrior
  9604 | D:11     | Killed a skeletal warrior
  9605 | D:11     | Reached skill level 10 in Fighting
  9605 | D:11     | Reached skill level 13 in Axes
  9605 | D:11     | Reached skill level 10 in Armour
  9605 | D:11     | Reached skill level 10 in Shields
  9614 | D:11     | Killed a skeletal warrior
  9624 | D:11     | Killed a skeletal warrior
  9627 | D:11     | Noticed a skeletal warrior
  9628 | D:11     | Noticed a skeletal warrior
  9636 | D:11     | Killed a skeletal warrior
  9641 | D:11     | Killed a skeletal warrior
  9716 | D:11     | Noticed an unseen horror
  9724 | D:11     | Killed an unseen horror
  9849 | D:11     | Noticed a skeletal warrior
  9861 | D:11     | Got an ichor-stained falchion
  9885 | D:11     | Killed a skeletal warrior
  9886 | D:11     | Identified the +6 falchion of Insomnia {venom, Str+2} (You
                  | found it on level 11 of the Dungeon)
  9916 | D:11     | Noticed a skeletal warrior
  9916 | D:11     | Noticed a skeletal warrior
  9928 | D:11     | Killed a skeletal warrior
  9942 | D:11     | Killed a skeletal warrior
  9943 | D:11     | Reached skill level 14 in Axes
 10024 | D:11     | Noticed a red ugly thing
 10037 | D:11     | Killed a red ugly thing
 10067 | D:11     | Found a roughly hewn altar of Beogh.
 10067 | D:11     | Noticed an orc knight
 10084 | D:11     | Killed an orc knight
 10107 | D:11     | Mangled by an ogre

Illustrated notes

Levels and vault maps discovered:
D:1:      evilmike_arrival_home_sweet_home, layout_basic
D:2:      layout_loops_ring, general_overflow_altar, kennysheep_generic_room_8
D:3:      layout_basic, nicolae_ru_great_annihilating_truth,
          lemuel_zombie_altar_yredelemnul, uniq_robin
D:4:      layout_loops_ring, chequers_serial_rivers_marsh
D:5:      layout_loops_ring, lemuel_round_altar, led_xom_imps,
          portal_sewer_entry_f, chequers_serial_rivers_micro_e, uniq_edmund
D:6:      layout_basic, minmay_temple_entry_large_hall, serial_shops, shop,
          nicolae_shop_window_shopping
D:7:      layout_cave_pools, nicolae_dithmenos_the_darkroom, serial_shops, shop
D:8:      gammafunk_steamed_eel, layout_loops_ring, lemuel_doored_altar,
          lemuel_coloured_pillars_altar, tgw_sif, kennysheep_potato
D:9:      layout_basic, lemuel_round_altar,
          chequers_temple_overflow_statue_of_worship, lair_entry_dummy,
          uniq_harold, uniq_erica, uniq_psyche
D:10:     layout_stronghold, uniq_urug
D:11:     layout_roguey [special_room_orc], lemuel_angel_altar

Skill      XL: |  1  2  3  4  5  6  7  8  9 10 11 |
---------------+----------------------------------+-----
Axes           | 3 4 5 6 7 9 11 12 14 | 14.2
Shields        | 4 5 6 7 8 9 10 | 10.9
Fighting       | 4 5 6 7 8 9 10 | 10.9
Armour         | 4 5 6 7 8 9 10 | 10.9

Action                   |  1- 3 |  4- 6 |  7- 9 | 10-12 || total
-------------------------+-------+-------+-------+-------++-------
Melee: War axe           |    84 |    66 |       |       ||   150
       Headbutt          |     8 |    17 |    63 |    72 ||   160
       Hand axe          |       |    67 |   339 |       ||   406
       Broad axe         |       |       |    65 |   366 ||   431
Throw: Throwing net      |       |       |       |     1 ||     1
Invok: Sacrifice Artific |       |       |     1 |       ||     1
       Sacrifice Arcana  |       |       |     1 |       ||     1
       Reject Sacrifices |       |       |       |     1 ||     1
  Use: Scroll            |       |    11 |     6 |    11 ||    28
 Stab: Paralysed         |       |     1 |       |       ||     1
       Invisible         |       |       |     1 |     1 ||     2
       Held in net/web   |       |       |       |     1 ||     1
       Distracted        |       |       |       |     3 ||     3
Armor: Scale mail        |    37 |       |       |       ||    37
       Swamp dragon scal |     7 |    62 |   160 |   112 ||   341
Dodge: Dodged            |    29 |    36 |   108 |    63 ||   236
Block: Kite shield       |    47 |    69 |   151 |       ||   267
       Tower shield      |       |       |   126 |   289 ||   415

Table legend: (Time is in decaauts)
 A = Elapsed time spent in this place.
 B = Non-inter-level travel time spent in this place.
 C = Inter-level travel time spent in this place.
 D = Time resting spent in this place.
 E = Time spent auto-exploring this place.
 F = Levels seen in this place.
 G = Mean time per level.
                   A        B        C        D        E       F      G
               +--------+--------+--------+--------+--------+-----+--------+
         Total |  10302 |   9944 |    358 |    910 |   6747 |  12 |  858.5 |
       Dungeon |  10035 |   9677 |    358 |    910 |   6634 |  11 |  912.3 |
         Sewer |    266 |    266 |      0 |      0 |    113 |   1 |  266.0 |
               +--------+--------+--------+--------+--------+-----+--------+

Top non-repeatable levels by time:
     D:8: 1422 daAuts
    D:10: 1144 daAuts
     D:3: 1141 daAuts
     D:5: 1086 daAuts
     D:1: 908 daAuts
     D:9: 874 daAuts
     D:6: 780 daAuts
     D:4: 759 daAuts
     D:2: 713 daAuts
    D:11: 666 daAuts
     D:7: 536 daAuts
   Sewer: 266 daAuts
